Map: Dusk Towers

Players

Botvinnik

  • Race: Terran Terran

Kelazhur - Winner!

  • Race: Terran Terran
  • League: Master

Event: Polygon Gaming Invitational 3

VOD

Have the link to the VOD?

Description

Time

  • Played on: June 4, 2016, 2:15 p.m.
  • Length: 17:39

All games in this series

Show
View Real Time Build Order
Export as new Build Order

Botvinnik Terran 

Build Orders: Reaper Expand, Mech 

Get SALT Encoding   

  12  0:01  SCV  
  13  0:13  SCV  
  14  0:17  Supply Depot  
  14  0:25  SCV  
  15  0:39  SCV  
  15  0:40  Barracks  
  16  0:46  Refinery  
  16  0:51  SCV  
  17  1:03  SCV  
  18  1:16  SCV  
  19  1:29  Reaper, Orbital Command  
  20  1:41  Command Center  
  20  1:51  Supply Depot  
  20  1:56  SCV  
  21  2:01  Reaper  
  22  2:08  Refinery, SCV  
  23  2:20  SCV  
  24  2:28  Factory  
  24  2:33  SCV  
  25  2:37  Barracks Reactor  
  25  2:45  SCV  
  26  2:55  Orbital Command  
  26  2:57  SCV  
  27  3:09  SCV  
  30  3:25  Starport  
  30  3:27  SCV x2  
  29  3:29  Hellion x2, Barracks Tech Lab  
  34  3:39  SCV x2  
  36  3:44  Command Center  
  36  3:49  Supply Depot  
  36  3:50  Hellion x2  
  36  3:51  SCV  
  41  3:58  SCV  
  42  4:03  SCV  
  42  4:06  Viking  
  45  4:10  SCV  
  45  4:15  SCV  
  47  4:20  Hellion x2  
  47  4:22  SCV  
  52  4:25  Supply Depot  
  52  4:27  Barracks Reactor, Supply Depot, SCV  
  53  4:34  SCV  
  54  4:45  Factory  
  54  4:46  Raven, SCV  
  54  4:47  Hellion x2  
  54  4:52  Supply Depot  
  61  4:56  Orbital Command  
  61  5:00  SCV x2  
  61  5:03  Refinery  
  61  5:05  Refinery  
  63  5:12  SCV  
  63  5:13  SCV  
  63  5:14  Hellion x2  
  68  5:24  SCV  
  68  5:25  SCV x2  
  71  5:37  Hellion x3, Infernal Pre-Igniter  
  71  5:38  Viking, Orbital Command  
  71  5:39  Viking  
  81  5:43  SCV x2  
  81  5:47  Barracks Tech Lab  
  83  5:50  Supply Depot  
  83  5:51  Factory, Supply Depot  
  83  5:56  SCV x2  
  85  6:01  Hellion x2, Siege Tank  
  85  6:02  Engineering Bay  
  92  6:06  SCV  
  91  6:14  Viking x2  
  91  6:17  SCV  
  91  6:18  SCV  
  97  6:22  SCV  
  97  6:25  Supply Depot  
  97  6:29  Refinery  
  97  6:30  Refinery, SCV  
  96  6:33  Hellion x2  
  96  6:34  SCV  
  96  6:35  SCV  
  96  6:37  Supply Depot  
  96  6:38  Supply Depot  
  102  6:42  SCV  
  102  6:44  Siege Tank  
  102  6:46  Medivac x2  
  108  6:47  Siege Tank  
  111  6:58  Hellion, SCV x2  
  105  7:12  SCV x2  
  105  7:14  SCV  
  107  7:17  Armory  
  107  7:20  Hellion x2, Siege Tank x2  
  117  7:24  SCV x2  
  119  7:34  Missile Turret x2  
  119  7:35  Medivac x2, Missile Turret  
  119  7:36  SCV  
  125  7:38  Missile Turret  
  125  7:42  Factory  
  124  7:46  Supply Depot x2, Factory  
  124  7:47  Supply Depot  
  124  7:48  Hellion  
  126  7:54  Siege Tank  
  126  7:55  Siege Tank  
  132  8:10  Supply Depot  
  132  8:11  Supply Depot, Hellion x2  
  132  8:12  Terran Vehicle Weapons Level 1  
  136  8:17  Medivac x2  
  140  8:21  Supply Depot x2  
  140  8:28  Siege Tank  
  140  8:30  Factory Reactor  
  140  8:32  Factory Tech Lab  
  145  8:34  Hellbat x2  
  145  8:37  Siege Tank  
  150  8:44  Supply Depot, Command Center  
  150  8:45  Supply Depot  
  152  8:52  Medivac  
  152  9:06  Siege Tank x2  
  152  9:07  Hellbat x4  
  168  9:10  Hellbat  
  168  9:21  Missile Turret  
  168  9:28  Hellbat  
  168  9:29  Hellbat  
  168  9:31  Hellbat, Siege Tank  
  175  9:32  Hellbat  
  175  9:34  Medivac  
  181  9:38  Siege Tank x2  
  150  10:07  Siege Tank  
  150  10:08  Hellbat x2  
  150  10:10  Siege Tank  
  150  10:11  Siege Tank  
  150  10:18  Hellbat x2  
  150  10:20  Terran Vehicle Weapons Level 2  
  154  10:27  Command Center  
  154  10:31  Refinery  
  154  10:32  Missile Turret  
  154  10:33  Missile Turret  
  154  10:34  Sensor Tower, Missile Turret x2  
  154  10:35  Refinery, Missile Turret  
  154  10:36  Missile Turret x2  
  154  10:37  Missile Turret  
  154  10:39  Siege Tank  
  154  10:40  Missile Turret  
  154  10:42  Missile Turret  
  157  10:49  Planetary Fortress  
  155  10:56  Missile Turret  
  155  10:59  Viking x2  
  159  11:05  SCV  
  160  11:15  Hellbat x4  
  166  11:24  Siege Tank x2  
  164  11:27  Siege Tank  
  164  11:29  Viking x2  
  169  11:51  Hellbat x2  
  173  11:56  Siege Tank  
  173  11:59  Viking x2  
  174  12:10  Starport  
  170  12:29  Viking x2  
  172  12:35  Siege Tank x2  
  172  12:36  Hellbat x3, Hellion x2  
  188  12:53  Refinery  
  188  12:57  Hellbat  
  190  13:00  Hellbat x2  
  190  13:01  Terran Vehicle Weapons Level 3  
  190  13:03  Armory  
  194  13:09  Missile Turret  
  194  13:10  Missile Turret  
  194  13:11  Missile Turret  
  194  13:27  Siege Tank x2  
  194  13:31  Missile Turret  
  194  13:32  Missile Turret  
  198  13:36  Viking  
  198  13:37  Starport Reactor  
  198  13:40  Starport  
  196  14:00  Viking, Planetary Fortress  
  194  14:12  Refinery, Missile Turret  
  194  14:13  Sensor Tower  
  174  14:23  Siege Tank x2  
  165  14:37  Command Center  
  163  14:40  SCV x2  
  163  14:42  Viking  
  143  15:01  SCV x3  
  133  15:11  Siege Tank x3  
  133  15:12  Hellbat x4  
  104  15:15  Orbital Command  
  97  15:22  SCV x3  
  98  15:32  Viking  
  100  15:46  Siege Tank  
  103  15:51  Orbital Command  
  103  16:01  Viking  
  103  16:02  Viking  
  107  16:09  Starport  
  107  16:11  SCV x3  
  116  16:18  Hellbat x3  
  116  16:28  SCV x4  
  116  16:32  Viking x2  
  115  16:56  Refinery, SCV  
Show
View Real Time Build Order
Export as new Build Order

Kelazhur Terran - Winner!

Build Orders: Reaper Expand, MMM Bio 

Get SALT Encoding   

  12  0:00  SCV  
  13  0:13  SCV  
  14  0:17  Supply Depot  
  14  0:25  SCV  
  15  0:38  SCV  
  15  0:40  Barracks  
  16  0:43  Refinery  
  16  0:50  SCV  
  17  1:03  SCV  
  18  1:15  SCV  
  19  1:27  Reaper, Orbital Command  
  20  1:42  Command Center  
  20  1:53  SCV  
  21  1:58  Supply Depot  
  21  1:59  Reaper  
  22  2:05  SCV  
  23  2:12  Barracks  
  23  2:15  Refinery  
  23  2:19  SCV  
  24  2:33  Barracks Reactor, SCV  
  25  2:40  Factory  
  25  2:48  Reaper  
  25  2:50  SCV  
  26  2:55  Orbital Command  
  26  2:59  Barracks Tech Lab  
  26  3:05  SCV  
  27  3:17  Marine, SCV  
  27  3:18  Stimpack  
  29  3:21  Barracks Reactor  
  29  3:24  SCV  
  29  3:29  SCV  
  30  3:35  Starport  
  30  3:36  Marine, Refinery  
  30  3:38  SCV  
  32  3:41  SCV  
  32  3:46  Factory Tech Lab  
  33  3:50  SCV  
  33  3:54  Marine  
  35  3:56  Supply Depot  
  35  3:57  Marine x2, SCV  
  35  4:02  SCV  
  39  4:09  SCV  
  40  4:11  Medivac  
  40  4:12  Marine  
  40  4:14  SCV  
  40  4:15  Marine x2  
  46  4:17  Siege Tank  
  46  4:20  Supply Depot  
  46  4:21  SCV  
  50  4:27  SCV  
  51  4:32  Marine  
  51  4:33  SCV  
  51  4:34  Supply Depot  
  51  4:35  Marine  
  54  4:41  Marine  
  54  4:42  SCV  
  56  4:47  Medivac  
  56  4:51  Marine  
  59  4:53  Marine, SCV  
  59  4:54  SCV  
  59  4:56  Supply Depot  
  59  4:57  Siege Tank  
  65  5:01  Supply Depot  
  65  5:04  Marine  
  65  5:05  SCV  
  65  5:06  SCV  
  68  5:09  Marine  
  68  5:11  Marine  
  70  5:17  Medivac  
  70  5:18  SCV  
  70  5:20  SCV  
  74  5:22  Engineering Bay x2, Marine  
  74  5:24  Supply Depot  
  74  5:27  Marine  
  76  5:28  Marine  
  76  5:31  Combat Shields  
  76  5:33  SCV  
  77  5:40  Command Center, SCV  
  77  5:43  Siege Tank  
  77  5:45  Marauder  
  77  5:46  Marine  
  77  5:48  Marine  
  84  5:51  SCV  
  84  5:52  Refinery  
  84  5:54  SCV  
  86  6:00  Terran Infantry Weapons Level 1, Terran Infantry Armor Level 1  
  86  6:02  Supply Depot  
  85  6:16  Siege Tank  
  88  6:20  Marine x2  
  88  6:21  Marauder  
  88  6:24  Supply Depot  
  92  6:28  Starport Reactor  
  92  6:31  SCV x2  
  87  6:33  Barracks  
  87  6:34  Barracks  
  87  6:35  Barracks  
  87  6:38  Marine x2  
  89  6:46  Marauder  
  91  7:05  Marine x2  
  91  7:07  Marauder  
  83  7:14  Medivac x2  
  87  7:18  Supply Depot  
  87  7:20  SCV x2, Armory  
  89  7:23  Marine  
  89  7:26  Barracks Tech Lab x2  
  89  7:28  Barracks Reactor  
  89  7:29  Marine  
  92  7:31  Marauder  
  92  7:32  Siege Tank  
  92  7:33  SCV x2  
  98  7:37  Missile Turret  
  98  7:40  Missile Turret  
  98  7:41  Marine  
  98  7:42  Orbital Command, Missile Turret x2  
  99  7:46  Marauder, Missile Turret  
  99  7:47  Concussive Shells  
  101  7:51  Medivac  
  101  7:53  Medivac  
  101  7:55  SCV  
  101  7:57  SCV  
  107  8:04  Marauder x2  
  111  8:06  Marine x3  
  111  8:09  SCV x2  
  111  8:10  SCV  
  117  8:15  Terran Infantry Weapons Level 2  
  117  8:16  Supply Depot  
  117  8:20  Marine, Marauder  
  117  8:21  SCV  
  117  8:24  Marine x2  
  123  8:27  Medivac  
  123  8:28  Medivac  
  127  8:36  Marine x2, Marauder  
  127  8:38  Marine  
  127  8:39  SCV x3  
  135  8:42  Refinery  
  135  8:43  Supply Depot, Terran Vehicle Weapons Level 1  
  135  8:46  Supply Depot  
  135  8:47  Supply Depot, Terran Infantry Armor Level 2  
  135  8:49  Marine x3, Refinery  
  138  8:56  SCV x3  
  141  9:04  Marine  
  141  9:05  Marine x2, Marauder  
  141  9:06  Marine  
  141  9:08  SCV x2  
  149  9:11  Supply Depot  
  149  9:12  Supply Depot  
  149  9:18  SCV  
  149  9:20  Marine, Marauder  
  149  9:22  Marine x2, Medivac  
  157  9:24  Medivac  
  157  9:27  Command Center  
  157  9:30  Marine  
  161  9:32  Missile Turret  
  161  9:33  Marauder, Missile Turret  
  161  9:35  Marauder  
  164  9:40  Supply Depot  
  164  9:43  Marauder  
  164  9:44  Marine  
  164  9:45  Marine  
  167  9:54  Marine x2, Marauder  
  167  9:56  Marine  
  144  10:07  Marine x2, Marauder  
  120  10:14  Marine x2, Marauder  
  120  10:16  Siege Tank, Marauder  
  126  10:21  Barracks x2  
  126  10:22  Barracks  
  126  10:25  Marine  
  126  10:27  Viking x2  
  131  10:29  Marauder  
  131  10:32  Starport  
  131  10:33  Marine x3  
  136  10:36  Marauder  
  136  10:37  Marauder  
  136  10:38  Terran Infantry Weapons Level 3  
  140  10:46  Marine  
  141  10:50  Marauder  
  141  10:51  Marine  
  141  10:52  Marine  
  141  10:55  Marine  
  146  10:57  Marauder  
  146  10:59  Marauder  
  146  11:00  SCV x2  
  146  11:01  SCV, Planetary Fortress  
  153  11:12  Marauder  
  152  11:19  Marauder  
  152  11:20  Marauder  
  152  11:23  SCV  
  152  11:26  Marine x2  
  152  11:27  Marine x2  
  152  11:28  Viking x2  
  152  11:29  SCV  
  152  11:32  SCV  
  161  11:33  Terran Infantry Armor Level 3, Marauder  
  161  11:35  SCV  
  161  11:38  SCV  
  165  11:40  Marauder  
  165  11:41  Barracks Reactor, Barracks Tech Lab x2  
  165  11:42  Viking  
  169  11:48  SCV x3  
  169  11:49  Marine x2  
  169  11:50  Marine, SCV  
  169  11:51  Marauder  
  178  11:58  Viking  
  178  11:59  Marauder  
  180  12:09  Marauder x2  
  182  12:16  SCV  
  182  12:17  Marine x5, Marauder  
  188  12:24  Marine x2, Marauder  
  193  12:35  Missile Turret x2  
  192  12:42  Marine x3, Marauder  
  192  12:43  Marine x2, Marauder  
  198  12:47  Marauder  
  199  12:54  Marine  
  198  13:11  Marauder  
  200  13:28  Command Center  
  200  13:29  Command Center  
  200  13:32  Command Center  
  198  13:36  Medivac  
  198  13:38  Medivac  
  198  13:44  Medivac  
  200  13:55  Siege Tank  
  195  13:56  Marauder x2  
  199  14:15  Marauder  
  198  14:23  Marauder x2  
  194  14:26  Marauder  
  194  14:27  Marine x2, Marauder  
  181  14:55  Marauder x2  
  181  14:56  Marauder  
  181  14:58  Marauder x2  
  133  15:16  Marine x6, Medivac x2, Marauder x2  
  133  15:17  Medivac  
  133  15:18  Marauder  
  133  15:19  Marauder  
  150  15:25  Marauder  
  152  15:33  Marine  
  152  15:34  Marine x3  
  150  15:38  Marauder  
  150  15:42  Marine x2, Marauder x3  
  160  15:45  Orbital Command  
  160  15:46  Marine  
  164  15:50  Command Center, Siege Tank  
  164  15:51  Marine x2, Command Center  
  164  15:52  Marine x2  
  164  15:53  Refinery  
  164  15:55  Medivac  
  164  15:56  Medivac x2  
  174  15:58  Orbital Command  
  174  15:59  Marauder  
  174  16:00  Marine x2  
  174  16:03  Marauder  
  174  16:04  Marauder  
  182  16:07  Marauder x2  
  182  16:09  Marine x2  
  188  16:12  Barracks  
  188  16:14  Barracks  
  188  16:18  Barracks  
  188  16:20  Marauder  
  188  16:23  Marine x4  
  188  16:25  Marauder x2  
  198  16:27  Marine  
  198  16:28  Planetary Fortress  
  196  16:40  Marauder  
  196  16:41  Marauder  
  200  16:57  Missile Turret  
  198  17:03  Starport x2  
  198  17:05  Orbital Command x2  
  198  17:06  Marine  
  198  17:08  Barracks Tech Lab  
  195  17:17  Marauder x2  
Tags
 
Add a new tag
Caveats
  • Supply blocks, unpowered buildings, or Contaminate may cause inaccurate times.
  • Supply counts are checked every 10 seconds.